 Dungeon Crawl Stone Soup version 0.16.2-14-g7133f4a77c (webtiles) character file.

2443 faibistes the Thaumaturge (level 9, 0/51 HPs)
             Began as a Deep Elf Wizard on Aug 25, 2021.
             Was an Initiate of Sif Muna.
             Slain by an orc warrior
             ... wielding a +3 dire flail of crushing
              (4 damage)
             ... on level 7 of the Dungeon on Aug 26, 2021.
             The game lasted 00:28:03 (8637 turns).

faibistes the Thaumaturge (Deep Elf Wizard)         Turns: 8637, Time: 00:28:04

Health: 0/51       AC:  6    Str:  4    XL:     9   Next: 25%
Magic:  26/31      EV: 16    Int: 30    God:    Sif Muna [......]
Gold:   123        SH:  0    Dex: 13    Spells: 6 memorised, 16 levels left

rFire  . . .     SeeInvis .     H - +4 dagger (venom)
rCold  . . .     Clarity  .     a - +0 robe
rNeg   + . .     SustAb   .     (no shield)
rPois  .         Gourm    .     k - +1 helmet
rElec  .         Spirit   .     F - +0 cloak
rCorr  .         Warding  .     (no gloves)
rMut   .         Stasis   .     E - +0 pair of boots
MR     .....                    (no amulet)
Stlth  ++........               w - ring of positive energy
                                j - +3 ring of intelligence

@: repel missiles, not resistant to hostile enchantments, unstealthy
A: no striking features
a: Renounce Religion


You were on level 7 of the Dungeon.
You worshipped Sif Muna.
Sif Muna was noncommittal.
You were not hungry.

You visited 2 branches of the dungeon, and saw 8 of its levels.

You collected 153 gold pieces.
You spent 30 gold pieces at shops.

Inventory:

Hand weapons
 e - a +1 dagger
 H - a +4 dagger of venom (weapon)
Armour
 a - a +0 robe (worn)
 b - a +0 hat
 k - a +1 helmet (worn)
 E - a +0 pair of boots (worn)
 F - a +0 cloak (worn)
Jewellery
 j - a +3 ring of intelligence (left hand)
 o - a +2 ring of strength
 w - a ring of positive energy (right hand)
 y - an uncursed ring of see invisible
 A - an uncursed ring of teleportation
Magical devices
 l - a wand of slowing (10)
 s - a wand of polymorph (11)
 D - a wand of fireball (2)
Scrolls
 h - 5 scrolls of remove curse
 i - a scroll of random uselessness {unknown}
 m - a scroll of recharging {unknown}
 u - a scroll of fear {unknown}
 x - a scroll of magic mapping
 B - a scroll of blinking {unknown}
 C - a scroll of enchant armour {unknown}
 G - 2 scrolls of teleportation
 J - a scroll of vulnerability {unknown}
 K - a scroll of summoning {unknown}
 M - a scroll of amnesia {unknown}
Potions
 g - a potion of restore abilities
 p - a potion of agility
 r - a potion of haste
 v - a potion of brilliance
 z - a potion of might
 L - a potion of cancellation {unknown}
Books
 c - a book of Minor Magic

   Spells                             Type                      Level
   a - Magic Dart                     Conjuration                  1
   b - Blink                          Translocation                2
   c - Call Imp                       Summoning                    2
   d - Repel Missiles                 Charms/Air                   2
   e - Slow                           Hexes                        2
   f - Conjure Flame                  Conjuration/Fire             3
   g - Mephitic Cloud                 Conjuration/Poison/Air       3
Comestibles
 d - 6 bread rations
 f - 5 fruits
 n - a meat ration
 q - 3 beef jerkies
 t - a slice of pizza


   Skills:
 - Level 3.5 Fighting
 + Level 7.2 Dodging
 - Level 2.4 Stealth
 * Level 10.9 Spellcasting
 * Level 3.7 Conjurations
 - Level 1.1 Summonings
 - Level 2.6 Translocations
 + Level 0.8 Air Magic
 * Level 1.5 Poison Magic
 - Level 5.1 Evocations


You had 16 spell levels left.
You knew the following spells:

 Your Spells              Type           Power        Failure   Level  Hunger
a - Magic Dart            Conj           ####         1%          1    None
b - Conjure Flame         Conj/Fire      ####....     4%          3    None
c - Call Imp              Summ           ###.....     3%          2    None
d - Blink                 Tloc           N/A          1%          2    None
e - Mephitic Cloud        Conj/Pois/Air  ####....     4%          3    None
f - Repel Missiles        Chrm/Air       ###...       4%          2    None


Dungeon Overview and Level Annotations

Branches:
Dungeon (7/15)             Temple (1/1) D:5

Altars:
Ashenzari
Cheibriados
Dithmenos
Elyvilon
Gozag
Kikubaaqudgha
Makhleb
Nemelex Xobeh
Okawaru
Qazlal
Ru
Sif Muna
Trog
Vehumet
Xom
Yredelemnul
Zin
The Shining One

Shops:
D:5 ((?=


Message History

The fire roars!
You hit the orc warrior but do no damage.
The orc warrior is poisoned.
The orc warrior is engulfed in roaring flames.
The orc warrior hits you but does no damage.
You barely miss the orc warrior.
The orc warrior is moderately wounded.
You hit the orc warrior.
The orc warrior is heavily wounded.
The orc warrior is engulfed in roaring flames.
The orc warrior hits you with a dire flail of crushing!!
Ouch! That really hurt!
An orc wizard comes into view. It is wielding a dagger.
You hit the orc warrior but do no damage.
The orc warrior looks even sicker.
The orc warrior is heavily wounded.
The orc warrior is engulfed in roaring flames.
The orc warrior hits you with a dire flail of crushing!!
* * * LOW HITPOINT WARNING * * *
You die...

## # .# ##.# #
.#.....
#.####§o......
#..<@oo.......
########......
... .


You could see an orc warrior, an orc wizard and an orc.

Vanquished Creatures
  Pikel (D:5)
  Prince Ribbit (D:6)
  Edmund (D:6)
  2 slaves (D:5)
  A necrophage (D:6)
  2 phantoms
  An ogre (D:4)
  An ice beast (D:6)
  Sigmund (D:3)
  Duvessa (D:5)
  A centaur (D:6)
  2 giant frogs (D:6)
  A water moccasin zombie (D:7)
  3 scorpions
  Dowan (D:5)
  4 orc priests
  A crimson imp (D:6)
  3 hounds
  Crazy Yiuf (D:5)
  2 giant frog skeletons (D:5)
  A gnoll shaman (D:5)
  4 orc wizards
  2 worker ants
  A gnoll (D:5)
  4 adders
  2 worms
  An adder skeleton (D:4)
  4 giant geckos
  3 oozes
  19 orcs
  A ball python (D:1)
  8 giant cockroaches
  9 goblins
  12 hobgoblins
  11 jackals
  8 kobolds
  A quokka (D:4)
  11 bats
  4 giant newts
  A quokka zombie (D:6)
  10 rats
  A fungus (D:5)
149 creatures vanquished.

Vanquished Creatures (others)
  An orc priest (D:5)
  3 gnolls (D:5)
4 creatures vanquished.

Grand Total: 153 creatures vanquished

Notes
Turn   | Place    | Note
--------------------------------------------------------------
     0 | D:1      | faibistes, the Deep Elf Wizard, began the quest for the Orb.
     0 | D:1      | Reached XP level 1. HP: 10/10 MP: 6/6
   373 | D:1      | Reached XP level 2. HP: 15/15 MP: 2/10
   444 | D:1      | Reached skill level 5 in Spellcasting
  1153 | D:2      | Reached XP level 3. HP: 19/19 MP: 12/14
  1158 | D:2      | Learned a level 3 spell: Conjure Flame
  1161 | D:2      | Learned a level 2 spell: Call Imp
  1164 | D:2      | Learned a level 2 spell: Blink
  1168 | D:2      | Learned a level 3 spell: Mephitic Cloud
  2131 | D:2      | Learned a level 2 spell: Repel Missiles
  2251 | D:2      | Reached XP level 4. HP: 24/24 MP: 14/17
  2452 | D:3      | Noticed Sigmund
  2839 | D:3      | Killed Sigmund
  2839 | D:3      | Reached skill level 6 in Spellcasting
  2839 | D:3      | Reached XP level 5. HP: 26/28 MP: 1/20
  3366 | D:3      | Noticed a scorpion
  3372 | D:3      | Killed a scorpion
  4261 | D:5      | Entered Level 5 of the Dungeon
  4361 | D:4      | Noticed a phantom
  4417 | D:4      | Reached XP level 6. HP: 28/32 MP: 12/22
  4566 | D:4      | Killed a phantom
  4566 | D:4      | Reached skill level 7 in Spellcasting
  4728 | D:4      | Reached skill level 1 in Evocations
  4921 | D:4      | Reached skill level 1 in Fighting
  5329 | D:6      | Reached XP level 7. HP: 38/38 MP: 15/25
  5423 | D:6      | Reached skill level 8 in Spellcasting
  5585 | D:6      | Reached skill level 5 in Dodging
  5718 | D:6      | Noticed Edmund
  5730 | D:6      | Killed Edmund
  5842 | D:6      | Noticed Prince Ribbit
  5860 | D:6      | Killed Prince Ribbit
  5860 | D:6      | Reached skill level 9 in Spellcasting
  5860 | D:6      | Reached XP level 8. HP: 45/45 MP: 15/28
  6220 | D:4      | Noticed an ogre
  6227 | D:4      | Killed an ogre
  6653 | D:5      | Found Xatokey's Magic Scroll Boutique.
  6668 | D:5      | Bought a scroll of teleportation for 30 gold pieces
  6916 | D:5      | Noticed a slave
  6918 | D:5      | Noticed a slave
  6921 | D:5      | Noticed Pikel
  6921 | D:5      | Noticed a slave
  6924 | D:5      | Noticed a slave
  6933 | D:5      | Killed a slave
  6971 | D:5      | Killed a slave
  6973 | D:5      | Killed Pikel
  6973 | D:5      | Reached skill level 10 in Spellcasting
  6973 | D:5      | Reached skill level 5 in Evocations
  7231 | D:5      | Reached XP level 9. HP: 51/51 MP: 12/30
  7458 | D:5      | Found Weiw's Antique Weapon Shop.
  7459 | D:5      | Noticed Duvessa
  7459 | D:5      | Noticed Dowan
  7467 | D:5      | Killed Duvessa
  7477 | D:5      | Killed Dowan
  7604 | D:5      | Found Suvawada's Weapon Emporium.
  7615 | D:5      | Found a staircase to the Ecumenical Temple.
  7623 | Temple   | Entered the Ecumenical Temple
  7808 | Temple   | Became a worshipper of Sif Muna the Loreminder
  7899 | D:5      | Found an iron altar of Okawaru.
  7901 | D:5      | Found a shadowy altar of Dithmenos.
  7903 | D:5      | Found a snail-covered altar of Cheibriados.
  8147 | D:5      | Found Plept's Jewellery Emporium.
  8189 | D:5      | Found an opulent altar of Gozag.
  8190 | D:5      | Found a sparkling altar of Nemelex Xobeh.
  8346 | D:5      | Noticed Crazy Yiuf
  8352 | D:5      | Killed Crazy Yiuf
  8416 | D:6      | Reached skill level 1 in Poison Magic
  8449 | D:6      | Found a glowing golden altar of the Shining One.
  8637 | D:7      | Slain by an orc warrior

Action                   |  1- 3 |  4- 6 |  7- 9 || total
-------------------------+-------+-------+-------++-------
Melee: Dagger            |       |     3 |    41 ||    44
 Cast: Magic Dart        |    96 |   143 |   169 ||   408
       Repel Missiles    |     1 |     1 |     2 ||     4
       Mephitic Cloud    |       |    11 |    21 ||    32
       Blink             |       |     9 |     3 ||    12
       Call Imp          |       |     1 |       ||     1
       Conjure Flame     |       |     3 |    29 ||    32
Evoke: Wand              |       |     1 |       ||     1
  Use: Scroll            |     1 |     4 |     6 ||    11
  Eat: Chunk             |     4 |     9 |    10 ||    23
